 Dungeon Crawl Stone Soup version 0.20-a0-521-ga778aa9 (webtiles) character file.

33762 theclanless the Carver (level 14, 0/121 HPs)
             Began as a Formicid Fighter on Jan 26, 2017.
             Was a High Priest of the Shining One.
             Slain by a seven-headed hydra (5 damage)
             ... on level 5 of the Lair of Beasts.
             The game lasted 01:07:17 (12515 turns).

theclanless the Carver (Formicid Fighter)          Turns: 12515, Time: 01:07:18

Health: 0/121      AC: 12    Str: 24    XL:     14   Next: 9%
Magic:  21/21      EV: 23    Int:  8    God:    the Shining One [*****.]
Gold:   20         SH: 23    Dex: 19    Spells: 10/13 levels left

rFire    + . .     SeeInvis +   a - +2 dagger (venom)
rCold    x . .     Gourm    .   u - +0 troll leather armour
rNeg     + + .     Faith    .   l - +0 shield
rPois    .         Spirit   .   (helmet unavailable)
rElec    .         Reflect  .   n - +2 cloak
rCorr    .         Harm     .   I - +2 pair of gloves
MR       +....                  (no boots)
Stlth    +.........             (no amulet)
Regen    0.7/turn               e - +4 ring of slaying
                                q - ring "Kixtoh" {Fire Slay+5}

@: agile, divine shield, glowing
A: permanent stasis, dig shafts and tunnels, four strong arms, antennae 3,
hooves 1, robust 1, strong 1
a: Dig, Shaft Self, Divine Shield, Cleansing Flame, Summon Divine Warrior,
Renounce Religion


You were on level 5 of the Lair of Beasts.
You worshipped the Shining One.
The Shining One was extremely pleased with you.
You were not hungry.

You visited 3 branches of the dungeon, and saw 18 of its levels.
You also visited: Ossuary.

You collected 956 gold pieces.
You spent 936 gold pieces at shops.

Inventory:

Hand Weapons
 a - a +2 dagger of venom (weapon)
 b - a +1 great sword
 x - a +0 hand crossbow
 H - a +0 shortbow
 P - a +2 hand axe of freezing
Missiles
 h - 349 arrows
 o - 123 bolts
 F - 2 tomahawks (quivered)
 M - 3 throwing nets
 U - 2 javelins of returning
Armour
 d - a +3 chain mail of magic resistance
 l - a +0 shield (worn)
 n - a +2 cloak (worn)
 u - a +0 troll leather armour (worn)
 I - a +2 pair of gloves (worn)
Jewellery
 e - a +4 ring of slaying (right hand)
 q - the ring "Kixtoh" (left hand) {Fire Slay+5}
   (You found it on level 1 of the Lair of Beasts)

   [ring of fire]

   It enhances your fire magic.
   It affects your accuracy and damage with ranged weapons and melee attacks
   (+5).
   It protects you from fire.
   It makes you vulnerable to cold.
Wands
 c - a wand of confusion (13/48)
 G - a wand of iceblast (10/15)
 J - a wand of confusion (19/48)
 N - a wand of scattershot (0/9)
Scrolls
 j - 5 scrolls of magic mapping
 t - 7 scrolls of amnesia
 y - 2 scrolls of recharging
 A - 5 scrolls of remove curse
 D - a scroll of immolation
 L - a scroll of fog
 R - a scroll of identify
Potions
 m - a potion of ambrosia
 p - 3 potions of resistance
 r - a potion of cure mutation
 s - 2 potions of curing
 B - 2 potions of agility
 C - 2 potions of might
 E - a potion of magic
 K - a potion of cancellation
 O - a potion of flight
Comestibles
 f - 9 bread rations
 g - a meat ration
 i - 3 chunks of flesh


   Skills:
 + Level 10.2 Fighting
 * Level 12.2 Long Blades
   Level 4.0 Staves
 + Level 9.9 Armour
 + Level 7.8 Dodging
 - Level 1.6 Stealth
 + Level 11.1 Shields
 + Level 10.3 Invocations


You had 10 spell levels left.
You knew the following spells:

 Your Spells              Type           Power        Failure   Level  Hunger
w - Call Canine Familiar  Summ           #.......     97%         3    ####...


Dungeon Overview and Level Annotations

Branches:
Dungeon (11/15)            Temple (1/1) D:6            Lair (6/6) D:8
  Swamp (0/4) Lair:3        Snake (0/4) Lair:2        Slime (0/5) Lair:5
    Orc: D:9-12

Altars:
Ashenzari
Cheibriados
Dithmenos
Elyvilon
Fedhas
Gozag
Hepliaklqana Ieoh Jian
Kikubaaqudgha
Makhleb
Nemelex Xobeh
Okawaru
Qazlal
Ru
Sif Muna
Trog
Uskayaw
Vehumet
Xom
Yredelemnul
Zin
The Shining One

Shops:
D:4 }=   D:8 (

Annotations:
Lair:6 exclusion: oklob plant


Innate Abilities, Weirdness & Mutations

You cannot be hasted, slowed, berserked, paralysed or teleported.
You can dig through walls and to a lower floor.
Your four strong arms can wield two-handed weapons with a shield.
You have a pair of large antennae on your head. (SInv)
You have large cloven feet.
You are robust. (+10% HP)
Your muscles are strong. (Str +2)


Message History

The seven-headed hydra bites you but does no damage.
The seven-headed hydra bites you!
* * * LOW HITPOINT WARNING * * *
You block the seven-headed hydra's attack.
The seven-headed hydra misses you.
You hit the seven-headed hydra. You kick the seven-headed hydra!
The seven-headed hydra is almost dead.
You completely miss the seven-headed hydra.
You kick the seven-headed hydra.
The seven-headed hydra is almost dead.
You block the seven-headed hydra's attack. x2
The seven-headed hydra bites you but does no damage.
The seven-headed hydra completely misses you.
The seven-headed hydra closely misses you.
The seven-headed hydra misses you. x2
You hit the seven-headed hydra. You kick the seven-headed hydra.
The seven-headed hydra is almost dead.
You block the seven-headed hydra's attack.
The seven-headed hydra bites you.
You die...

#..........................
#....<.....................
##.........................
##.#........>..............
#..........................
##.#......#..............†.
#..............P#P........
###...............##........
#P.........@......##........
#...........D.....#.........
#..................#.......#
#...#.....................##
#...#.....................#
##..##......#......#.....###
##.###...#####.....#..##..#
### ##.## #..######.#####
### #### ###


You could see a seven-headed hydra.

Vanquished Creatures
  4 hydras
  Harold (Lair:3)
  A catoblepas (Lair:6)
  A queen ant (Lair:2)
  The ghost of Pinechild the Protected, a novice DsGl of Ieoh Jian (D:8)
  Pikel (D:6)
  6 elephants
  A guardian serpent (Lair:2)
  A black mamba (Lair:2)
  4 komodo dragons
  18 spiny frogs
  A polar bear (Lair:2)
  2 trolls (D:8)
  A tyrant leech (Lair:6)
  18 blink frogs
  6 hippogriffs
  7 dream sheep (Lair:4)
  3 basilisks (Lair:5)
  16 yaks
  4 vampire mosquitoes (Lair:6)
  8 soldier ants (Lair:2)
  5 water moccasins
  9 porcupines
  A black bear (Lair:2)
  4 orc warriors
  2 ice beasts
  3 phantoms
  A slave (D:6)
  6 ogres
  13 wolves
  4 crocodiles
  6 centaurs
  2 big kobolds
  The ghost of theclanless the Shield-Bearer, an amateur VSFi (D:3)
  18 bullfrogs
  A wyvern skeleton (D:6)
  4 scorpions
  A water moccasin skeleton (D:6)
  3 killer bees (D:7)
  2 howler monkeys
  5 electric eels (D:8)
  A crimson imp (D:7)
  2 quasits (D:6)
  3 orc priests
  5 hounds
  A jelly (D:8)
  A bullfrog skeleton (D:6)
  5 orc wizards
  Crazy Yiuf (D:3)
  Terence (D:2)
  29 worker ants
  A hound zombie (D:7)
  3 mummies
  10 adders
  An adder zombie (D:5)
  An adder skeleton (D:5)
  2 worms (D:2)
  4 dart slugs
  3 leopard geckos
  24 orcs
  5 giant cockroaches
  4 gnoll zombies (Ossuary)
  8 goblins
  4 hobgoblins
  12 jackals
  10 kobolds
  3 quokkas
  2 ball pythons
  9 bats
  2 frilled lizards
  4 gnoll skeletons (Ossuary)
  3 goblin skeletons
  5 goblin zombies
  A hobgoblin skeleton (Ossuary)
  5 hobgoblin zombies
  8 kobold skeletons
  3 kobold zombies (Ossuary)
  2 orc skeletons (Ossuary)
  7 orc zombies
  7 rats
  A rat skeleton (Ossuary)
399 creatures vanquished.

Vanquished Creatures (collateral kills)
  A spiny frog (Lair:1)
  A komodo dragon (Lair:1)
  A water moccasin (Lair:1)
  A bullfrog (Lair:1)
4 creatures vanquished.

Vanquished Creatures (others)
  Menkaure (Ossuary)
  3 slaves (D:6)
  A human (D:3)
  A mummy (Ossuary)
  A gnoll zombie (Ossuary)
  2 gnoll skeletons (Ossuary)
  A goblin skeleton (Ossuary)
  2 goblin zombies (Ossuary)
  2 hobgoblin skeletons (Ossuary)
  A hobgoblin zombie (Ossuary)
  A kobold skeleton (Ossuary)
  A kobold zombie (Ossuary)
  An orc skeleton (Ossuary)
  An orc zombie (Ossuary)
  A rat skeleton (Ossuary)
  2 rat zombies (Ossuary)
  5 fungi (Lair:6)
  25 plants
52 creatures vanquished.

Grand Total: 455 creatures vanquished

Notes
Turn   | Place    | Note
-------+----------+-------------------------------------------
     0 | D:1      | theclanless the Formicid Fighter began the quest for the Orb.
     0 | D:1      | Reached XP level 1. HP: 18/18 MP: 1/1
   180 | D:1      | Reached XP level 2. HP: 24/24 MP: 2/2
   416 | D:2      | Found a sparkling altar of Nemelex Xobeh.
   425 | D:2      | Reached skill level 1 in Stealth
   512 | D:2      | Reached XP level 3. HP: 19/29 MP: 3/3
   554 | D:2      | Gained mutation: You have large cloven feet. [potion of mutation]
   554 | D:2      | Gained mutation: You are robust. (+10% HP) [potion of mutation]
   578 | D:2      | HP: 1/31 [poisoned by an adder]
   649 | D:2      | Found a faded altar of an unknown god.
   694 | D:2      | Became a worshipper of the Shining One
   694 | D:2      | Reached * piety under the Shining One
   711 | D:2      | Reached XP level 4. HP: 31/38 MP: 4/4
   925 | D:2      | Noticed Terence
   942 | D:2      | Killed Terence
  1368 | D:3      | Noticed theclanless's ghost (amateur VSFi)
  1381 | D:3      | Killed theclanless's ghost
  1381 | D:3      | Reached skill level 1 in Dodging
  1381 | D:3      | Reached skill level 1 in Invocations
  1381 | D:3      | Reached XP level 5. HP: 30/46 MP: 5/5
  1419 | D:3      | Noticed an ogre
  1432 | D:2      | Killed an ogre
  1432 | D:2      | Reached XP level 6. HP: 25/52 MP: 5/7
  1673 | D:3      | Found a hide-covered altar of Uskayaw.
  1812 | D:3      | Found an ancient bone altar of Kikubaaqudgha.
  1849 | D:3      | Noticed a human
  1850 | D:3      | Killed a human
  1979 | D:3      | Found a runed door.
  1983 | D:3      | Noticed Crazy Yiuf
  2028 | D:3      | Killed Crazy Yiuf
  2250 | D:4      | Found Isoudann's Jewellery Shoppe.
  2255 | D:4      | Found Yckaseg's Distillery.
  2286 | D:4      | Found a sand-covered staircase.
  2292 | D:4      | Reached skill level 1 in Long Blades
  2296 | Ossuary  | Entered an ossuary
  2296 | Ossuary  | Reached ** piety under the Shining One
  2370 | Ossuary  | Reached *** piety under the Shining One
  2453 | Ossuary  | Killed Menkaure
  2483 | Ossuary  | Reached **** piety under the Shining One
  2716 | D:4      | Reached XP level 7. HP: 60/60 MP: 8/8
  2748 | D:4      | Found Jekle's Gadget Shop.
  2999 | D:4      | Found a hazy altar of Hepliaklqana.
  3110 | D:5      | Entered Level 5 of the Dungeon
  3199 | D:5      | Reached skill level 2 in Long Blades
  3511 | D:5      | Reached skill level 5 in Shields
  3728 | D:6      | Reached XP level 8. HP: 51/67 MP: 10/10
  3788 | D:6      | Reached skill level 5 in Fighting
  3836 | D:6      | Found a glowing golden altar of the Shining One.
  3837 | D:6      | Reached ***** piety under the Shining One
  3846 | D:6      | Reached skill level 3 in Long Blades
  4028 | D:6      | Found a staircase to the Ecumenical Temple.
  4076 | Temple   | Entered the Ecumenical Temple
  4326 | D:6      | Noticed Pikel
  4336 | D:6      | Killed Pikel
  4336 | D:6      | Reached skill level 4 in Long Blades
  4336 | D:6      | Reached skill level 5 in Armour
  4336 | D:6      | Reached XP level 9. HP: 65/74 MP: 10/12
  4405 | D:6      | Found a glowing golden altar of the Shining One.
  4487 | D:7      | Reached skill level 5 in Long Blades
  4765 | D:7      | Found a runed door.
  4782 | D:7      | Reached skill level 5 in Invocations
  5107 | D:7      | Noticed a hippogriff
  5118 | D:7      | Killed a hippogriff
  5160 | D:7      | Reached XP level 10. HP: 80/84 MP: 12/14
  5400 | D:7      | Reached skill level 6 in Long Blades
  5470 | D:7      | Found a runed door.
  5577 | D:8      | Noticed Pinechild's ghost (novice DsGl)
  5595 | D:8      | Killed Pinechild's ghost
  5724 | D:8      | Gained mutation: Your muscles are strong. (Str +2) [potion of beneficial mutation]
  5738 | D:8      | Reached skill level 7 in Long Blades
  5896 | D:8      | Found Juog's Weapon Shoppe.
  5947 | D:8      | Reached skill level 5 in Dodging
  6032 | D:8      | Found a staircase to the Lair.
  6046 | D:8      | HP: 3/86 [electric eel/bolt of electricity (5)]
  6048 | D:8      | You fall through a shaft for 3 floors!
  6203 | D:10     | Entered Level 10 of the Dungeon
  6221 | D:10     | Reached XP level 11. HP: 80/92 MP: 15/15
  6253 | D:10     | Noticed a tengu warrior
  7038 | D:8      | Reached skill level 8 in Long Blades
  7127 | Lair:1   | Entered Level 1 of the Lair of Beasts
  7638 | Lair:1   | Got a slimy silver ring
  7639 | Lair:1   | Identified the ring "Kixtoh" {Fire Slay+5} (You found it on level 1 of the Lair of Beasts)
  8161 | Lair:2   | Reached skill level 9 in Long Blades
  8309 | Lair:2   | Noticed a queen ant
  8327 | Lair:2   | Killed a queen ant
  8343 | Lair:2   | Reached XP level 12. HP: 103/103 MP: 17/17
  8637 | Lair:2   | Reached skill level 10 in Long Blades
  8646 | Lair:2   | Found a staircase to the Snake Pit.
  9086 | Lair:3   | Found a staircase to the Swamp.
  9125 | Lair:3   | Noticed a four-headed hydra
  9135 | Lair:3   | Killed a four-headed hydra
  9172 | Lair:3   | Noticed Harold
  9186 | Lair:3   | Killed Harold
  9563 | Lair:3   | Noticed a four-headed hydra
  9575 | Lair:3   | Killed a four-headed hydra
 10353 | Lair:4   | Reached XP level 13. HP: 103/111 MP: 19/19
 10529 | Lair:4   | Reached skill level 10 in Shields
 10618 | Lair:5   | Reached skill level 11 in Long Blades
 10641 | Lair:5   | Noticed a six-headed hydra
 10653 | Lair:5   | Killed a six-headed hydra
 10655 | Lair:5   | Identified the Disquisition on Companions
 10665 | Lair:5   | Learned a level 3 spell: Call Canine Familiar
 10957 | Lair:5   | Found a staircase to the Slime Pits.
 11641 | D:4      | Bought a +4 ring of slaying for 936 gold pieces
 11834 | Lair:6   | Entered Level 6 of the Lair of Beasts
 11916 | Lair:6   | Noticed a six-headed hydra
 11925 | Lair:5   | Killed a six-headed hydra
 12202 | Lair:6   | Reached skill level 10 in Fighting
 12303 | Lair:6   | Reached skill level 10 in Invocations
 12333 | Lair:6   | Reached skill level 12 in Long Blades
 12335 | Lair:6   | Reached XP level 14. HP: 43/121 MP: 10/21
 12512 | Lair:5   | HP: 3/121 [seven-headed hydra (9)]
 12515 | Lair:5   | Slain by a seven-headed hydra

Vault maps used:
D:1:      eino_arrival_water_cross, kennysheep_nondescript, serial_park_tiny_1
D:2:      nemelex_xobeh_ov_fountains_minmay, chequers_ecumenical_altar_island,
          minmay_tromino_i4, uniq_terence
D:3:      eat_drink_and_be_merry_uskayaw, first_bread, st_stairs_11,
          tgw_kikubaaqudgha, uniq_crazy_yiuf_cottage
D:4:      lemuel_coloured_pillars_altar, serial_shops, shop, shop, shop,
          gup_ossuary_entry_pyramid, minmay_ruptured
D:6:      kennysheep_mini, st_stairs_12, nicolae_tso_besieged_by_evil,
          uniq_pikel
D:7:      lemuel_insect_pit
D:8:      hangedman_cross_stitches, erik_lair_island, serial_shops,
          nicolae_shop_crystal
D:9:      doesnt_xom_only_xom, uniq_prince_ribbit1
D:10:     uniq_joseph
D:11:     hangedman_stone_soup, st_stairs_1, nicolae_gozag_zags_fifth_avenue
Temple:   regret_index_temple_mists
Lair:2:   minmay_snake_entry_spellcaster, zaba_antful_of_joy
Lair:3:   swamp_mist, uniq_harold
Lair:4:   serial_bayou_shore_b
Lair:5:   slime_dummy
Lair:6:   minmay_lair_end_frog_pond
Ossuary:  ossuary_due_pyramid

Skill      XL: |  1  2  3  4  5  6  7  8  9 10 11 12 13 |
---------------+----------------------------------------+-----
Stealth        | 1 |  1.6
Staves         | 3 4 |  4.0
Shields        | 4 5 6 8 9 11 | 11.1
Dodging        | 1 2 3 4 5 6 7 |  7.8
Invocations    | 1 2 4 5 6 7 9 10 | 10.3
Fighting       | 4 5 6 7 8 9 10 | 10.2
Long Blades    | 1 2 4 5 7 9 10 12 | 12.2
Armour         | 4 5 6 7 8 9 |  9.9

Action                   |  1- 3 |  4- 6 |  7- 9 | 10-12 | 13-15 || total
-------------------------+-------+-------+-------+-------+-------++-------
Melee: Quarterstaff      |    69 |    51 |       |       |       ||   120
       Kick              |     1 |    29 |    74 |   154 |    96 ||   354
       Dagger            |       |     3 |       |    18 |    22 ||    43
       Great sword       |       |    87 |   231 |   421 |   194 ||   933
 Fire: Shortbow          |       |       |       |    23 |       ||    23
Throw: Tomahawk          |       |       |     4 |     9 |       ||    13
Invok: Divine Shield     |       |       |       |     5 |     2 ||     7
       Cleansing Flame   |       |       |       |       |     2 ||     2
 Abil: Dig               |     2 |       |     2 |     8 |     2 ||    14
       Shaft Self        |       |       |       |     1 |       ||     1
Evoke: Wand              |       |       |       |     3 |     2 ||     5
  Use: Potion            |     6 |     1 |     2 |     4 |     1 ||    14
       Scroll            |       |    16 |     2 |    10 |     2 ||    30
  Eat: Chunk             |       |     5 |     9 |    18 |     3 ||    35
       Fruit             |       |       |     1 |     1 |       ||     2
       Meat ration       |       |       |       |       |     1 ||     1
Armor: Scale mail        |    35 |    32 |    87 |    38 |       ||   192
       Troll leather arm |       |       |       |    54 |    36 ||    90
       Chain mail        |       |       |       |       |    70 ||    70
Dodge: Dodged            |    25 |    33 |    98 |   216 |   157 ||   529
Block: Shield            |    31 |    57 |   166 |   301 |   212 ||   767
       Rpst.: Great sword |       |     8 |    25 |    55 |    27 ||   115
